[Event "GambitGuide"]
[Site "Internet Chess Club"]
[Date "2014.10.31"]
[Round "1"]
[White "JSBach"]
[Black "graccus"]
[Result "1-0"]
[ICCResult "Black resigns"]
[WhiteElo "1751"]
[BlackElo "1350"]
[Opening "Vienna: `Frankenstein-Dracula' variation"]
[ECO "C27"]
[NIC "VG.02"]
[Time "18:59:42"]
[TimeControl "120+12"]

1. e4 e5 2. Nc3 Nf6 3. Bc4 Nxe4 4. Qh5 Nd6 5. Bb3 Nc6 6. Nb5 g6 7. Qf3 f5 8.
Qd5 Qe7 9. Nxc7+ Kd8 10. Nxa8 b6 11. d3 Bb7 12. Nxb6 axb6 13. Qf3 Nd4 14.
Qg3 f4 15. Qg4 Qf6 16. Ba4 Bc6 17. Bb3 h5 18. Qh3 g5 19. f3 g4 20. fxg4 Rh7
21. Nf3 Rg7 22. gxh5 Nxf3+ 23. gxf3 Nf5 24. Kd1 Ne3+ 25. Bxe3 fxe3 26. Rf1
Qf4 27. Bc4 Rh7 28. Bg8 Rh6 29. c4 Bb4 30. Kc2 e2 31. Rg1 Qd2+ 32. Kb3 Bc5
33. Qh4+ Kc7 34. Qe1 Qe3 35. Qc3 Bxf3 36. Rg7 Kd8 37. Bf7 Bd4 38. Qc1 Qxc1
39. Rxc1 e4 40. Rg8+ Kc7 41. dxe4 Bxe4 42. Rg4 {Black resigns} 1-0

[Event "GambitGuide"]
[Site "Internet Chess Club"]
[Date "2014.10.31"]
[Round "1"]
[White "JSBach"]
[Black "Zhbugnoimt"]
[Result "0-1"]
[ICCResult "White checkmated"]
[WhiteElo "1751"]
[BlackElo "1680"]
[Opening "Vienna: `Frankenstein-Dracula' variation"]
[ECO "C27"]
[NIC "VG.02"]
[Time "19:05:50"]
[TimeControl "120+12"]

1. e4 e5 2. Nc3 Nf6 3. Bc4 Nxe4 4. Qh5 Nd6 5. Bb3 Nc6 6. Nb5 g6 7. Qf3 f5 8.
Qd5 Qe7 9. Nxc7+ Kd8 10. Nxa8 b6 11. d3 Bb7 12. Nxb6 axb6 13. Qf3 Nd4 14.
Qg3 f4 15. Qg4 Qf6 16. Ba4 N6f5 17. Qh3 h5 18. c3 g5 19. cxd4 g4 20. Bxf4
exf4 21. Bc6 Bxc6 22. d5 Bxd5 23. Qxh5 Rxh5 24. Ne2 Bb4+ 25. Kf1 Qxb2 26.
Rc1 f3 27. gxf3 gxf3 28. Re1 fxe2+ 29. Rxe2 Qb1+ 30. Re1 Qxe1#
{White checkmated}
0-1

[Event "GambitGuide"]
[Site "Internet Chess Club"]
[Date "2014.10.31"]
[Round "1"]
[White "JSBach"]
[Black "sibirica"]
[Result "0-1"]
[ICCResult "White checkmated"]
[WhiteElo "1751"]
[BlackElo "2349"]
[Opening "Vienna: `Frankenstein-Dracula' variation"]
[ECO "C27"]
[NIC "VG.02"]
[Time "19:05:51"]
[TimeControl "120+12"]

1. e4 e5 2. Nc3 Nf6 3. Bc4 Nxe4 4. Qh5 Nd6 5. Bb3 Nc6 6. Nb5 g6 7. Qf3 f5 8.
Qd5 Qe7 9. Nxc7+ Kd8 10. Nxa8 b6 11. d3 Bb7 12. Nxb6 axb6 13. Qf3 Nd4 14.
Qg3 f4 15. Qg4 Qf6 16. Ba4 b5 17. Bb3 h5 18. Qh3 g5 19. Bd2 g4 20. Ba5+ Ke7
21. c3 Nxb3 22. axb3 gxh3 23. Ne2 hxg2 24. Rg1 f3 25. Ng3 h4 26. Ne4 Nxe4
27. dxe4 Bxe4 28. c4 Kf7 29. cxb5 Bc5 30. Rc1 Qd6 31. Rc4 Qd3 32. Rxe4 Qxe4+
33. Kd2 Qd4+ 34. Kc1 Qxf2 35. Re1 Qxe1+ 36. Bxe1 g1=Q 37. Kc2 Qxe1 38. b4
Bxb4 39. Kb3 f2 40. b6 f1=Q 41. b7 Qb5 42. b8=Q Rxb8 43. h3 Qc1 44. Ka2 Qa4#
{White checkmated}
0-1

[Event "GambitGuide"]
[Site "Internet Chess Club"]
[Date "2014.10.31"]
[Round "1"]
[White "JSBach"]
[Black "ThePenguin"]
[Result "1-0"]
[ICCResult "Black resigns"]
[WhiteElo "1751"]
[BlackElo "1270"]
[Opening "Vienna: `Frankenstein-Dracula' variation"]
[ECO "C27"]
[NIC "VG.02"]
[Time "19:05:04"]
[TimeControl "120+12"]

1. e4 e5 2. Nc3 Nf6 3. Bc4 Nxe4 4. Qh5 Nd6 5. Bb3 Nc6 6. Nb5 g6 7. Qf3 f5 8.
Qd5 Qe7 9. Nxc7+ Kd8 10. Nxa8 b6 11. d3 Bb7 12. Nxb6 Nd4 13. Bg5 Qxg5 14.
Qxe5 Nxb3 15. axb3 axb6 16. Qxh8 Qxg2 17. Ra7 Qxh1 18. Qxf8+ Kc7 19. Kf1
Qg2+ 20. Ke2 Qxg1 21. Qh6 Qg4+ 22. Ke1 Qb4+ 23. Kf1 Qd2 24. Qxd2 {Black
resigns} 1-0

[Event "GambitGuide"]
[Site "Internet Chess Club"]
[Date "2014.10.31"]
[Round "1"]
[White "JSBach"]
[Black "losscause"]
[Result "1-0"]
[ICCResult "Black resigns"]
[WhiteElo "1751"]
[BlackElo "1290"]
[Opening "Vienna: `Frankenstein-Dracula' variation"]
[ECO "C27"]
[NIC "VG.02"]
[Time "19:05:38"]
[TimeControl "120+12"]

1. e4 e5 2. Nc3 Nf6 3. Bc4 Nxe4 4. Qh5 Nd6 5. Bb3 Nc6 6. Nb5 g6 7. Qf3 f5 8.
Qd5 Qe7 9. Nxc7+ Kd8 10. Nxa8 b6 11. d3 Bb7 12. Nxb6 axb6 13. Qf3 Nd4 14.
Qh3 Nxb3 15. axb3 Bg7 16. Be3 Kc7 17. Nf3 e4 18. Bg5 Qe6 19. dxe4 Qxe4+ 20.
Kd1 Bxb2 21. Ra4 Qd5+ 22. Ke1 Re8+ 23. Be3 Bc3+ 24. Ke2 Ne4 25. Rc4+ Kb8 26.
Rd1 Qb5 27. Bf4+ Ka7 28. Kf1 d5 29. Rxd5 Qxd5 30. g3 Qd1+ 31. Kg2 Qe2 32.
Ra4+ Ba6 33. Qxh7+ {Black resigns} 1-0

[Event "GambitGuide"]
[Site "Internet Chess Club"]
[Date "2014.10.31"]
[Round "1"]
[White "JSBach"]
[Black "sibirica"]
[Result "0-1"]
[ICCResult "White checkmated"]
[WhiteElo "1751"]
[BlackElo "2349"]
[Opening "Vienna: `Frankenstein-Dracula' variation"]
[ECO "C27"]
[NIC "VG.02"]
[Time "19:07:07"]
[TimeControl "120+12"]

1. e4 e5 2. Nc3 Nf6 3. Bc4 Nxe4 4. Qh5 Nd6 5. Bb3 Nc6 6. Nb5 g6 7. Qf3 f5 8.
Qd5 Qe7 9. Nxc7+ Kd8 10. Nxa8 b6 11. d3 Bb7 12. Nxb6 axb6 13. Qf3 Nd4 14.
Qg3 f4 15. Qg4 Qf6 16. Ba4 b5 17. Bb3 h5 18. Qh3 g5 19. Bd2 g4 20. Ba5+ Ke7
21. c3 Nxb3 22. axb3 gxh3 23. Ne2 hxg2 24. Rg1 f3 25. Ng3 h4 26. Ne4 Nxe4
27. dxe4 Bxe4 28. Bc7 Kf7 29. Ra5 Qc6 30. Bxe5 Bc5 31. Bxh8 Bxf2+ 32. Kxf2
Qb6+ 33. Bd4 Qxa5 34. Ke3 d5 35. c4 bxc4 36. bxc4 Qb4 37. cxd5 Bxd5 38. Kd3
Qc4+ 39. Ke3 Qe2+ 40. Kf4 Qe4+ 41. Kg5 Qxd4 42. Rxg2 fxg2 43. h3 g1=Q+ 44.
Kh5 Qf4 45. b3 Qfg5# {White checkmated} 0-1

[Event "GambitGuide"]
[Site "Internet Chess Club"]
[Date "2014.10.31"]
[Round "1"]
[White "JSBach"]
[Black "sibirica"]
[Result "0-1"]
[ICCResult "White checkmated"]
[WhiteElo "1764"]
[BlackElo "2349"]
[Opening "Vienna: `Frankenstein-Dracula' variation"]
[ECO "C27"]
[NIC "VG.02"]
[Time "19:07:48"]
[TimeControl "120+12"]

1. e4 e5 2. Nc3 Nf6 3. Bc4 Nxe4 4. Qh5 Nd6 5. Bb3 Nc6 6. Nb5 g6 7. Qf3 f5 8.
Qd5 Qe7 9. Nxc7+ Kd8 10. Nxa8 b6 11. d3 Bb7 12. Nxb6 axb6 13. Qf3 Nd4 14.
Qg3 f4 15. Qg4 Qf6 16. Ba4 b5 17. Bb3 h5 18. Qh3 g5 19. Bd2 g4 20. Ba5+ Ke7
21. c3 Nxb3 22. axb3 gxh3 23. Ne2 hxg2 24. Rg1 f3 25. Ng3 h4 26. Ne4 Nxe4
27. dxe4 Bxe4 28. Bb4+ Kf7 29. Bxf8 Rxf8 30. Ra7 Qd6 31. Ra1 Qd3 32. Ra7
Qe2# {White checkmated} 0-1

[Event "GambitGuide"]
[Site "Internet Chess Club"]
[Date "2014.10.31"]
[Round "1"]
[White "JSBach"]
[Black "ThePenguin"]
[Result "1/2-1/2"]
[ICCResult "Game drawn by repetition"]
[WhiteElo "1764"]
[BlackElo "1270"]
[Opening "Vienna: `Frankenstein-Dracula' variation"]
[ECO "C27"]
[NIC "VG.02"]
[Time "19:07:10"]
[TimeControl "120+12"]

1. e4 e5 2. Nc3 Nf6 3. Bc4 Nxe4 4. Qh5 Nd6 5. Bb3 Nc6 6. Nb5 g6 7. Qf3 f5 8.
Qd5 Qe7 9. Nxc7+ Kd8 10. Nxa8 b6 11. d3 Bb7 12. Nxb6 Nd4 13. Bg5 Qxg5 14.
Qxe5 Nxb3 15. axb3 axb6 16. Qxh8 Qxg2 17. Ra7 Qxh1 18. Qxf8+ Kc7 19. Kf1
Qg2+ 20. Ke2 Qxg1 21. Qh6 Qg4+ 22. Ke1 Qg1+ 23. Ke2 Qg4+ 24. Ke1 Qg1+ 25.
Ke2 Qg4+ 26. Ke1 Qg1+ 27. Ke2 Qg4+ 28. Ke1 Qg1+ 29. Ke2
{Game drawn by repetition}
1/2-1/2

[Event "GambitGuide"]
[Site "Internet Chess Club"]
[Date "2014.10.31"]
[Round "1"]
[White "JSBach"]
[Black "sibirica"]
[Result "0-1"]
[ICCResult "White checkmated"]
[WhiteElo "1769"]
[BlackElo "2349"]
[Opening "Vienna: `Frankenstein-Dracula' variation"]
[ECO "C27"]
[NIC "VG.02"]
[Time "19:08:08"]
[TimeControl "120+12"]

1. e4 e5 2. Nc3 Nf6 3. Bc4 Nxe4 4. Qh5 Nd6 5. Bb3 Nc6 6. Nb5 g6 7. Qf3 f5 8.
Qd5 Qe7 9. Nxc7+ Kd8 10. Nxa8 b6 11. d3 Bb7 12. Nxb6 axb6 13. Qf3 Nd4 14.
Qh3 Bg7 15. Be3 Qf6 16. Ne2 Re8 17. c3 Nxe2 18. Bxb6+ Ke7 19. Kxe2 Rc8 20.
Kf1 Ba6 21. c4 Bb7 22. c5 Nb5 23. Re1 Nd4 24. Qxh7 Rh8 25. Rxe5+ Qxe5 26.
Bd8+ Kxd8 27. Qxh8+ Bxh8 28. Bd1 Qd5 29. f3 Qxc5 30. f4 Qc1 31. Ke1 Qe3+ 32.
Kf1 Nc2 33. Bxc2 Bd4 34. b4 Qf2# {White checkmated} 0-1

[Event "GambitGuide"]
[Site "Internet Chess Club"]
[Date "2014.10.31"]
[Round "1"]
[White "JSBach"]
[Black "ThePenguin"]
[Result "1-0"]
[ICCResult "Black resigns"]
[WhiteElo "1769"]
[BlackElo "1270"]
[Opening "Vienna: `Frankenstein-Dracula' variation"]
[ECO "C27"]
[NIC "VG.02"]
[Time "19:08:32"]
[TimeControl "120+12"]

1. e4 e5 2. Nc3 Nf6 3. Bc4 Nxe4 4. Qh5 Nd6 5. Bb3 Nc6 6. Nb5 g6 7. Qf3 f5 8.
Qd5 Qe7 9. Nxc7+ Kd8 10. Nxa8 b6 11. d3 Bb7 12. Nxb6 Nd4 13. Bg5 Qxg5 14.
Qxe5 axb6 15. Qxh8 Qxg2 16. Qxd4 Qxh1 17. Qxb6+ Ke7 18. Qe3+ Kd8 19. O-O-O
{Black resigns}
1-0

[Event "GambitGuide"]
[Site "Internet Chess Club"]
[Date "2014.10.31"]
[Round "1"]
[White "JSBach"]
[Black "ClaesH"]
[Result "1-0"]
[ICCResult "Black resigns"]
[WhiteElo "1769"]
[BlackElo "1353"]
[Opening "Vienna: `Frankenstein-Dracula' variation"]
[ECO "C27"]
[NIC "VG.02"]
[Time "19:07:41"]
[TimeControl "120+12"]

1. e4 e5 2. Nc3 Nf6 3. Bc4 Nxe4 4. Qh5 Nd6 5. Bb3 Nc6 6. Nb5 g6 7. Qf3 f5 8.
Qd5 Qe7 9. Nxc7+ Kd8 10. Nxa8 b6 11. d3 e4 12. dxe4 Nxe4 13. Be3 Nxf2 14.
Kxf2 Bh6 15. Re1 Bxe3+ 16. Rxe3 Qc5 17. Qf7 Rf8 18. Qxh7 f4 19. Ke1 Qxe3+
20. Kd1 Re8 21. Qh4+ Re7 22. Qh8+ Re8 23. Qf6+ Re7 24. Qh8+ Re8 25. Qc3 Qe1+
26. Qxe1 Rxe1+ 27. Kxe1 Nd4 28. Ne2 Nxe2 29. Nxb6 axb6 30. Kxe2 Ba6+ 31. Kf3
g5 32. Bd5 Ke7 33. g3 Kd6 34. c4 b5 35. Rd1 bxc4 36. Bxc4+ Kc5 37. Bxa6
{Black resigns}
1-0

[Event "GambitGuide"]
[Site "Internet Chess Club"]
[Date "2014.10.31"]
[Round "1"]
[White "JSBach"]
[Black "franco"]
[Result "1-0"]
[ICCResult "Black resigns"]
[WhiteElo "1769"]
[BlackElo "1417"]
[Opening "Vienna: `Frankenstein-Dracula' variation"]
[ECO "C27"]
[NIC "VG.02"]
[Time "19:06:32"]
[TimeControl "120+12"]

1. e4 e5 2. Nc3 Nf6 3. Bc4 Nxe4 4. Qh5 Nd6 5. Bb3 Nc6 6. Nb5 g6 7. Qf3 f5 8.
Qd5 Qe7 9. Nxc7+ Kd8 10. Nxa8 b6 11. d3 Bb7 12. Nxb6 axb6 13. Qf3 Kc7 14. c3
Bg7 15. Bd5 Re8 16. Be3 e4 17. dxe4 Nxe4 18. Rd1 Ne5 19. Qf4 Bxd5 20. Rxd5
Kc6 21. Rd1 Qe6 22. Qh4 h5 23. a4 Bf6 24. Qh3 Ng5 25. Qg3 Rg8 26. Ne2 Ne4
27. Qf4 Bg5 28. Nd4+ Kb7 29. Nxe6 Bxf4 30. Bxf4 dxe6 31. Bxe5 {Black
resigns} 1-0

[Event "GambitGuide"]
[Site "Internet Chess Club"]
[Date "2014.10.31"]
[Round "1"]
[White "JSBach"]
[Black "axes89"]
[Result "0-1"]
[ICCResult "White checkmated"]
[WhiteElo "1769"]
[BlackElo "2186"]
[Opening "Vienna: `Frankenstein-Dracula' variation"]
[ECO "C27"]
[NIC "VG.02"]
[Time "19:07:02"]
[TimeControl "120+12"]

1. e4 e5 2. Nc3 Nf6 3. Bc4 Nxe4 4. Qh5 Nd6 5. Bb3 Nc6 6. Nb5 g6 7. Qf3 f5 8.
Qd5 Qe7 9. Nxc7+ Kd8 10. Nxa8 b6 11. d3 Bb7 12. Nxb6 axb6 13. Qf3 Nd4 14.
Qg3 f4 15. Qg4 Bg7 16. Ba4 h5 17. Qh3 g5 18. f3 e4 19. dxe4 g4 20. fxg4 Re8
21. Kd1 Nxe4 22. Be3 fxe3 23. Qxe3 Qb4 24. Bb3 Nxb3 25. cxb3 Bh6 26. Qxh6
Nf2+ 27. Kc2 Be4+ 28. Kc1 Qe1# {White checkmated} 0-1

[Event "GambitGuide"]
[Site "Internet Chess Club"]
[Date "2014.10.31"]
[Round "1"]
[White "JSBach"]
[Black "sibirica"]
[Result "0-1"]
[ICCResult "White checkmated"]
[WhiteElo "1769"]
[BlackElo "2349"]
[Opening "Vienna: `Frankenstein-Dracula' variation"]
[ECO "C27"]
[NIC "VG.02"]
[Time "19:09:02"]
[TimeControl "120+12"]

1. e4 e5 2. Nc3 Nf6 3. Bc4 Nxe4 4. Qh5 Nd6 5. Bb3 Nc6 6. Nb5 g6 7. Qf3 f5 8.
Qd5 Qe7 9. Nxc7+ Kd8 10. Nxa8 b6 11. d3 Bb7 12. Nxb6 axb6 13. Qf3 Nd4 14.
Qh3 Bg7 15. Be3 Qf6 16. Ne2 Re8 17. c3 Nxb3 18. Bxb6+ Ke7 19. axb3 Kf7 20.
Qxh7 Rh8 21. Qxh8 Bxh8 22. O-O Qg5 23. Ng3 f4 24. Bc5 fxg3 25. fxg3+ Ke6 26.
Ra7 Bc6 27. b4 Bf6 28. h4 Qxg3 29. Rf2 Qxd3 30. Bxd6 Qxd6 31. g3 Qd1+ 32.
Rf1 Qe2 33. Rf3 Qxf3 34. Kh2 Qg2# {White checkmated} 0-1

[Event "GambitGuide"]
[Site "Internet Chess Club"]
[Date "2014.10.31"]
[Round "1"]
[White "JSBach"]
[Black "sibirica"]
[Result "0-1"]
[ICCResult "White checkmated"]
[WhiteElo "1769"]
[BlackElo "2349"]
[Opening "Vienna: `Frankenstein-Dracula' variation"]
[ECO "C27"]
[NIC "VG.02"]
[Time "19:09:54"]
[TimeControl "120+12"]

1. e4 e5 2. Nc3 Nf6 3. Bc4 Nxe4 4. Qh5 Nd6 5. Bb3 Nc6 6. Nb5 g6 7. Qf3 f5 8.
Qd5 Qe7 9. Nxc7+ Kd8 10. Nxa8 b6 11. d3 Bb7 12. Nxb6 axb6 13. Qf3 Nd4 14.
Qg3 f4 15. Qg4 Qf6 16. Ba4 b5 17. Bb3 h5 18. Qh3 g5 19. Bd2 g4 20. Ba5+ Ke7
21. c3 Nxb3 22. axb3 gxh3 23. Ne2 hxg2 24. Rg1 f3 25. Ng3 h4 26. Ne4 Nxe4
27. dxe4 Bxe4 28. c4 Kf7 29. cxb5 Bc5 30. Rc1 Qd6 31. Rc4 Qd3 32. Rxe4 Qxe4+
33. Kd2 Qe2+ 34. Kc1 Bxf2 35. Rd1 Qxd1+ 36. Kxd1 g1=Q+ 37. Kc2 Rc8+ 38. Bc7
Qe1 39. b6 Be3 40. b4 Qd2+ 41. Kb3 Qd3+ 42. Ka2 Ra8# {White checkmated} 0-1

[Event "GambitGuide"]
[Site "Internet Chess Club"]
[Date "2014.10.31"]
[Round "1"]
[White "JSBach"]
[Black "graccus"]
[Result "0-1"]
[ICCResult "White checkmated"]
[WhiteElo "1769"]
[BlackElo "1350"]
[Opening "Vienna: `Frankenstein-Dracula' variation"]
[ECO "C27"]
[NIC "VG.02"]
[Time "19:07:09"]
[TimeControl "120+12"]

1. e4 e5 2. Nc3 Nf6 3. Bc4 Nxe4 4. Qh5 Nd6 5. Bb3 Nc6 6. Nb5 g6 7. Qf3 f5 8.
Qd5 Qe7 9. Nxc7+ Kd8 10. Nxa8 b6 11. d3 Bb7 12. Nxb6 axb6 13. Qf3 Nd4 14.
Qg3 f4 15. Qg4 Qf6 16. Ba4 Bc6 17. Bb3 h5 18. Qh3 g5 19. Ne2 g4 20. Nxd4
gxh3 21. Nxc6+ dxc6 22. gxh3 e4 23. dxe4 Nxe4 24. c3 Qh4 25. O-O Rh7 26.
Rd1+ Kc7 27. Be3 Rg7+ 28. Kh1 Qxh3 29. Bxf4+ Kb7 30. Bg3 h4 31. Kg1 hxg3 32.
fxg3 Bc5+ 33. Rd4 Bxd4+ 34. cxd4 Nxg3 35. Kf2 Qxh2+ 36. Kf3 Qe2+ 37. Kf4
Rg4# {White checkmated} 0-1

[Event "GambitGuide"]
[Site "Internet Chess Club"]
[Date "2014.10.31"]
[Round "1"]
[White "JSBach"]
[Black "QuieroAprender"]
[Result "1-0"]
[ICCResult "Black resigns"]
[WhiteElo "1769"]
[BlackElo "1379"]
[Opening "Vienna: `Frankenstein-Dracula' variation"]
[ECO "C27"]
[NIC "VG.02"]
[Time "19:06:34"]
[TimeControl "120+12"]

1. e4 e5 2. Nc3 Nf6 3. Bc4 Nxe4 4. Qh5 Nd6 5. Bb3 Nc6 6. Nb5 g6 7. Qf3 f5 8.
Qd5 Qe7 9. Nxc7+ Kd8 10. Nxa8 b6 11. d3 Bb7 12. Nxb6 axb6 13. Qf3 e4 14. Qe3
h5 15. Qxb6+ Kc8 16. Be3 exd3 17. O-O-O dxc2 18. Rd2 Qe4 19. f3 Qh4 20. g3
Qf6 21. Rxc2 Bg7 22. Ne2 Re8 23. Re1 Kb8 24. Nc3 Bh6 25. Nd5 Bxe3+ 26. Rxe3
Rxe3 27. Qc7+ Ka8 28. Nxf6 {Black resigns} 1-0

[Event "GambitGuide"]
[Site "Internet Chess Club"]
[Date "2014.10.31"]
[Round "1"]
[White "JSBach"]
[Black "GivePeasAChance"]
[Result "1-0"]
[ICCResult "Black resigns"]
[WhiteElo "1769"]
[BlackElo "1635"]
[Opening "Vienna: `Frankenstein-Dracula' variation"]
[ECO "C27"]
[NIC "VG.02"]
[Time "19:05:19"]
[TimeControl "120+12"]

1. e4 e5 2. Nc3 Nf6 3. Bc4 Nxe4 4. Qh5 Nd6 5. Bb3 Nc6 6. Nb5 g6 7. Qf3 f5 8.
Qd5 Qe7 9. Nxc7+ Kd8 10. Nxa8 b6 11. d3 Bb7 12. Nxb6 axb6 13. Qf3 Kc7 14.
Bd2 Bg7 15. Bc3 e4 16. Qe3 Bxc3+ 17. bxc3 Re8 18. d4 Nb5 19. Rb1 Na5 20. Bg8
Nd6 21. Bb3 g5 22. Ba4 f4 23. Qd2 e3 24. fxe3 fxe3 25. Qe2 Nac4 26. Rb4 Nd2
27. Qg4 Bc6 28. Bxc6 dxc6 29. Ne2 Rf8 30. Kd1 Rf2 31. Re1 Qf6 32. Qg3 Kb7
33. Qxe3 N6c4 34. Qh3 Rf1 35. Qxh7+ Kc8 36. Qg8+ Kc7 37. Rxc4 Rxe1+ 38. Kxe1
Nxc4 39. Qxc4 {Black resigns} 1-0

[Event "GambitGuide"]
[Site "Internet Chess Club"]
[Date "2014.10.31"]
[Round "1"]
[White "JSBach"]
[Black "Zhbugnoimt"]
[Result "0-1"]
[ICCResult "White checkmated"]
[WhiteElo "1769"]
[BlackElo "1680"]
[Opening "Vienna: `Frankenstein-Dracula' variation"]
[ECO "C27"]
[NIC "VG.02"]
[Time "19:11:02"]
[TimeControl "120+12"]

1. e4 e5 2. Nc3 Nf6 3. Bc4 Nxe4 4. Qh5 Nd6 5. Bb3 Nc6 6. Nb5 g6 7. Qf3 f5 8.
Qd5 Qe7 9. Nxc7+ Kd8 10. Nxa8 b6 11. d3 Bb7 12. Nxb6 axb6 13. Qf3 Nd4 14.
Qg3 f4 15. Qg4 Qf6 16. Ba4 N6f5 17. c3 h5 18. Qh3 g5 19. cxd4 g4 20. Bxf4
exf4 21. Bc6 Bxc6 22. d5 Bxd5 23. Qxh5 Rxh5 24. Ne2 Bb4+ 25. Kf1 Qxb2 26.
Rc1 f3 27. gxf3 gxf3 28. Re1 fxe2+ 29. Rxe2 Qc1+ 30. Re1 Qxe1#
{White checkmated}
0-1

[Event "GambitGuide"]
[Site "Internet Chess Club"]
[Date "2014.10.31"]
[Round "1"]
[White "JSBach"]
[Black "franco"]
[Result "1-0"]
[ICCResult "Black resigns"]
[WhiteElo "1769"]
[BlackElo "1417"]
[Opening "Vienna: `Frankenstein-Dracula' variation"]
[ECO "C27"]
[NIC "VG.02"]
[Time "19:09:50"]
[TimeControl "120+12"]

1. e4 e5 2. Nc3 Nf6 3. Bc4 Nxe4 4. Qh5 Nd6 5. Bb3 Nc6 6. Nb5 g6 7. Qf3 f5 8.
Qd5 Qe7 9. Nxc7+ Kd8 10. Nxa8 b6 11. d3 Bb7 12. Nxb6 axb6 13. Qf3 Kc7 14.
Bd2 Bg7 15. c3 Re8 16. Bd5 e4 17. dxe4 Nxe4 18. O-O-O Nxd2 19. Rxd2 Bh6 20.
Qg3+ Qd6 21. Qxd6+ Kxd6 22. Bf7+ Ke7 23. Bxe8 Kxe8 24. Nf3 Bxd2+ 25. Kxd2
Kf7 26. Ng5+ Kg7 27. Re1 Kh6 28. Nf7+ Kg7 29. Nd6 Ba6 30. a4 Kf6 31. f4 Ne7
32. Re5 Nc6 33. Re3 Ne7 34. c4 Nc6 35. Rb3 Ke6 36. Rxb6 Kxd6 37. Rxa6 Kc5
38. a5 Kxc4 39. Rxc6+ dxc6 40. a6 {Black resigns} 1-0

[Event "GambitGuide"]
[Site "Internet Chess Club"]
[Date "2014.10.31"]
[Round "1"]
[White "JSBach"]
[Black "ThePenguin"]
[Result "1-0"]
[ICCResult "Black resigns"]
[WhiteElo "1769"]
[BlackElo "1270"]
[Opening "Vienna: `Frankenstein-Dracula' variation"]
[ECO "C27"]
[NIC "VG.02"]
[Time "19:10:47"]
[TimeControl "120+12"]

1. e4 e5 2. Nc3 Nf6 3. Bc4 Nxe4 4. Qh5 Nd6 5. Bb3 Nc6 6. Nb5 g6 7. Qf3 f5 8.
Qd5 Qe7 9. Nxc7+ Kd8 10. Nxa8 b6 11. d3 Bb7 12. Nxb6 Nd4 13. Bg5 Qxg5 14.
Qxe5 Qe7 15. Nxd7 Kxd7 16. Ba4+ Nc6 17. d4 Qxe5+ 18. dxe5 Nc4 19. O-O-O+ Ke6
20. f4 Bc5 21. Kb1 Rd8 22. Nf3 Rxd1+ 23. Rxd1 h6 24. Bxc6 Bxc6 25. Nd4+ Bxd4
26. Rxd4 Nb6 27. Rd6+ {Black resigns} 1-0

[Event "GambitGuide"]
[Site "Internet Chess Club"]
[Date "2014.10.31"]
[Round "1"]
[White "JSBach"]
[Black "sauvignon"]
[Result "1-0"]
[ICCResult "Black resigns"]
[WhiteElo "1769"]
[BlackElo "1553"]
[Opening "Vienna: `Frankenstein-Dracula' variation"]
[ECO "C27"]
[NIC "VG.02"]
[Time "19:09:18"]
[TimeControl "120+12"]

1. e4 e5 2. Nc3 Nf6 3. Bc4 Nxe4 4. Qh5 Nd6 5. Bb3 Nc6 6. Nb5 g6 7. Qf3 f5 8.
Qd5 Qe7 9. Nxc7+ Kd8 10. Nxa8 b6 11. d3 Bb7 12. Nxb6 axb6 13. Qf3 Nd4 14.
Qg3 e4 15. Bg5 Bg7 16. Bxe7+ {Black resigns} 1-0

[Event "GambitGuide"]
[Site "Internet Chess Club"]
[Date "2014.10.31"]
[Round "1"]
[White "JSBach"]
[Black "sibirica"]
[Result "0-1"]
[ICCResult "White checkmated"]
[WhiteElo "1769"]
[BlackElo "2349"]
[Opening "Vienna: `Frankenstein-Dracula' variation"]
[ECO "C27"]
[NIC "VG.02"]
[Time "19:10:27"]
[TimeControl "120+12"]

1. e4 e5 2. Nc3 Nf6 3. Bc4 Nxe4 4. Qh5 Nd6 5. Bb3 Nc6 6. Nb5 g6 7. Qf3 f5 8.
Qd5 Qe7 9. Nxc7+ Kd8 10. Nxa8 b6 11. d3 Bb7 12. Nxb6 axb6 13. Qf3 Nd4 14.
Qh3 Bg7 15. Be3 Qf6 16. Ne2 Re8 17. c3 Nxb3 18. Bxb6+ Ke7 19. axb3 Kf7 20.
Qxh7 Rh8 21. Qxh8 Bxh8 22. O-O Qg5 23. Ng3 f4 24. Bc7 fxg3 25. fxg3+ Ke6 26.
Rf2 e4 27. Bxd6 e3 28. Rf8 Bg7 29. Bf4 Qd5 30. Re8+ Kf7 31. Re4 Qxd3 32.
Rxe3 Qc2 33. Rf3 Bxf3 34. gxf3 Qxb2 35. Rd1 Bxc3 36. Rxd7+ Ke8 37. Rb7 Qe2
38. Rb8+ Kd7 39. Rb7+ Ke6 40. Rb6+ Kd5 41. Rd6+ Kc5 42. b4+ Bxb4 43. Rf6 Bc3
44. Bd6+ Kd5 45. Be5 Qe3+ 46. Kg2 Bxe5 47. Rxg6 Qe2+ 48. Kh3 Qxf3 49. Rb6
Qh5+ 50. Kg2 Qe2+ 51. Kh3 Qf1+ 52. Kh4 Bf6+ 53. Kg4 Qe2+ 54. Kh3 Qf1+ 55.
Kg4 Bd4 56. Rb4 Ke4 57. h3 Qf3+ 58. Kh4 Qf6+ 59. Kg4 Qg6+ 60. Kh4 Kf3 61.
Rb3+ Kg2 62. Rf3 Kxf3 63. g4 Bf2# {White checkmated} 0-1

[Event "GambitGuide"]
[Site "Internet Chess Club"]
[Date "2014.10.31"]
[Round "1"]
[White "JSBach"]
[Black "sibirica"]
[Result "0-1"]
[ICCResult "White checkmated"]
[WhiteElo "1774"]
[BlackElo "2349"]
[Opening "Vienna: `Frankenstein-Dracula' variation"]
[ECO "C27"]
[NIC "VG.02"]
[Time "19:12:13"]
[TimeControl "120+12"]

1. e4 e5 2. Nc3 Nf6 3. Bc4 Nxe4 4. Qh5 Nd6 5. Bb3 Nc6 6. Nb5 g6 7. Qf3 f5 8.
Qd5 Qe7 9. Nxc7+ Kd8 10. Nxa8 b6 11. d3 Bb7 12. Nxb6 axb6 13. Qf3 Nd4 14.
Qg3 f4 15. Qg4 Qf6 16. Ba4 b5 17. Bb3 h5 18. Qh3 g5 19. Bd2 g4 20. Ba5+ Ke7
21. c3 Nxb3 22. axb3 gxh3 23. Ne2 hxg2 24. Rg1 f3 25. Ng3 h4 26. Ne4 Nxe4
27. dxe4 Bxe4 28. Bb4+ Kf7 29. Bxf8 Rxf8 30. Ra7 Qd6 31. Ra5 Qd3 32. c4 Qe2#
{White checkmated}
0-1

[Event "GambitGuide"]
[Site "Internet Chess Club"]
[Date "2014.10.31"]
[Round "1"]
[White "JSBach"]
[Black "Lolcatz"]
[Result "1-0"]
[ICCResult "Black resigns"]
[WhiteElo "1774"]
[BlackElo "2347"]
[Opening "Vienna: `Frankenstein-Dracula' variation"]
[ECO "C27"]
[NIC "VG.02"]
[Time "19:12:27"]
[TimeControl "120+12"]

1. e4 e5 2. Nc3 Nf6 3. Bc4 Nxe4 4. Qh5 Nd6 5. Bb3 Nc6 6. Nb5 g6 7. Qf3 f5 8.
Qd5 Qe7 9. Nxc7+ Kd8 10. Nxa8 b6 11. d3 Bb7 12. Nxb6 axb6 13. Qf3 e4 14.
dxe4 Nxe4 15. Be3 Bg7 16. Bxb6+ Kc8 17. Qe3 f4 18. Qe2 Bxb2 19. Rd1 Bc3+ 20.
Kf1 Re8 21. f3 Nf6 22. Qxe7 Rxe7 23. Bc4 {Black resigns} 1-0

[Event "GambitGuide"]
[Site "Internet Chess Club"]
[Date "2014.10.31"]
[Round "1"]
[White "JSBach"]
[Black "axes89"]
[Result "0-1"]
[ICCResult "White checkmated"]
[WhiteElo "1774"]
[BlackElo "2186"]
[Opening "Vienna: `Frankenstein-Dracula' variation"]
[ECO "C27"]
[NIC "VG.02"]
[Time "19:11:05"]
[TimeControl "120+12"]

1. e4 e5 2. Nc3 Nf6 3. Bc4 Nxe4 4. Qh5 Nd6 5. Bb3 Nc6 6. Nb5 g6 7. Qf3 f5 8.
Qd5 Qe7 9. Nxc7+ Kd8 10. Nxa8 b6 11. d3 Bb7 12. Nxb6 axb6 13. Qf3 Nd4 14.
Qg3 f4 15. Qg4 N6f5 16. Ne2 Nxe2 17. Kxe2 Bxg2 18. Rd1 Nd4+ 19. Ke1 Nf3+ 20.
Ke2 Nh4 21. Ke1 h5 22. Qxg2 Nxg2+ 23. Kf1 Qh4 24. Bd5 Qg4 25. Bd2 f3 26. Bc3
Ne3+ 27. Ke1 Qg1+ 28. Kd2 Qxf2+ 29. Kc1 Qxc2# {White checkmated} 0-1